 Dungeon Crawl Stone Soup version 0.31-a0-185-g9dded2c639 (webtiles) character file.

Game seed: 17172640102093973932

291 qw the Skirmisher (level 6, -2/35 HPs)
             Began as a Deep Elf Hunter on June 22, 2023.
             Slain by Edmund
             ... wielding a +6 heavy dire flail
              (13 damage)
             ... on level 4 of the Dungeon.
             The game lasted 00:01:13 (3058 turns).

qw the Skirmisher (Deep Elf Hunter)                 Turns: 3058, Time: 00:01:13

Health: -2/35      AC:  9    Str: 10    XL:     6   Next: 10%
Magic:  8/8        EV: 11    Int: 14    God:
Gold:   159        SH:  0    Dex: 18    Spells: 5/5 levels left

rFire   . . .        Y - +1 shortbow
rCold   + . .        (shield currently unavailable)
rNeg    . . .        h - +2 ring mail {rC+}
rPois   +            (no helmet)
rElec   .            (no cloak)
rCorr   .            c - +0 pair of gloves
SInv    .            d - +0 pair of boots
Will    +....        (no amulet)
Stlth   +            i - ring of willpower
HPRegen 0.25/turn    g - ring of poison resistance
MPRegen 0.11/turn

%: no passive effects
@: no status effects
A: no striking features
a: no special abilities


You were on level 4 of the Dungeon.
You visited 1 branch of the dungeon, and saw 4 of its levels.

You collected 159 gold pieces.


   Skills:
 - Level 2.0 Fighting
 - Level 9.3 Ranged Weapons
 + Level 0.9 Armour
 - Level 2.4 Dodging
 - Level 1.2 Stealth


You had 5 spell levels left.
You didn't know any spells.
Your spell library was empty.

Inventory:

Hand Weapons
 Y - a +1 shortbow (weapon)
Armour
 c - a +0 pair of gloves (worn)
 d - a +0 pair of boots (worn)
 h - a +2 ring mail of cold resistance (worn)
Jewellery
 g - a ring of poison resistance (right hand)
 i - a ring of willpower (left hand)
Scrolls
 b - a scroll of identify
 k - 3 scrolls of immolation {unknown}
 l - a scroll of revelation {unknown}
Potions
 a - 2 potions of enlightenment {unknown}
 e - 5 potions of curing
 f - a potion of might
 j - a potion of haste

Dungeon Overview and Level Annotations

Branches:
Dungeon (4/15)
 Temple: D:4-7

Altars:
Cheibriados
Elyvilon
Gozag
Hepliaklqana
Nemelex Xobeh
Sif Muna
Trog

Shops:
D:4 [

Annotations:
D:2 1 runed translucent door, Crazy Yiuf
D:4 Edmund


Message History

Enter note:
Enter note:
Enter note:
Enter note:
Enter note:
Enter note:
Enter note:
Enter note:
Enter note:
Enter note:
Enter note:
Enter note:
Enter note:
Enter note:
Enter note: You shoot an arrow.
The arrow closely misses Edmund.
You shoot an arrow. The arrow hits Edmund.
Edmund is lightly wounded.
You shoot an arrow. The arrow hits Edmund.
Edmund is lightly wounded.
You shoot an arrow.
The arrow hits Edmund but does no damage.
Edmund is lightly wounded.
You shoot an arrow. The arrow hits Edmund!
Edmund is moderately wounded.
Edmund hits you with a +6 heavy dire flail!
You shoot an arrow. The arrow hits Edmund.
Edmund is moderately wounded.
Edmund completely misses you.
You shoot an arrow.
The arrow hits Edmund but does no damage.
Edmund is moderately wounded.
Edmund hits you with a +6 heavy dire flail!
You shoot an arrow. The arrow closely misses Edmund.
You shoot an arrow. The arrow hits Edmund.
Edmund is heavily wounded.
Edmund barely misses you.
You shoot an arrow. The arrow barely misses Edmund.
Edmund hits you with a +6 heavy dire flail!
You die...

..........#.#.# #####.#
..........#.#.#...# #.#
............#.#.#.# #.#
########....#.#.#.# #.#
..#.........#.#.#.# #.#
#.#..#......#.#.#.# #.#
#.#.........#.#.#.# #.#
#.#.##.#......#@#.###.#
#.#.........#.#.@.....#
#.####.#....#.#.#..####
#.# #......#.#.#..#
#.######.............
#...........######.###
########....# #.# #<.#
..#..# ### ...# #####.#
####.###P.###


You could see Edmund.

Vanquished Creatures
  A scorpion (D:4)
  An orc priest (D:4)
  An orc wizard (D:3)
  4 gnolls (D:2)
  7 adders
  2 worms
  6 orcs
  7 bats
  6 endoplasms
  4 giant cockroaches
  3 goblins
  7 hobgoblins
  2 quokkas (D:1)
  7 ball pythons
  3 frilled lizards
  3 kobolds
  4 rats
68 creatures vanquished.

Vanquished Creatures (others)
  A butterfly (D:3)
1 creature vanquished.

Grand Total: 69 creatures vanquished

Notes
Turn   | Place    | Note
-------+----------+-------------------------------------------
     0 | D:1      | qw the Deep Elf Hunter began the quest for the Orb.
     0 | D:1      | Reached XP level 1. HP: 12/12 MP: 3/3
     0 | D:1      | 0 ||| qw: Version: 0.3-a-9-g12657ce
     0 | D:1      | 0 ||| qw: Game counter: 1851
     0 | D:1      | 0 ||| qw: Always use a shield: true
     0 | D:1      | 0 ||| qw: God list: Okawaru
     0 | D:1      | 0 ||| qw: Allow faded altars: false
     0 | D:1      | 0 ||| qw: Do Orc after D:15 true
     0 | D:1      | 0 ||| qw: Do second Lair branch before Depths: true
     0 | D:1      | 0 ||| qw: Lair rune preference: random
     0 | D:1      | 0 ||| qw: Plans: Normal
     0 | D:1      | 0 ||| PLANNING D:1-11
     6 | D:1      | Noticed a swamp drake
     6 | D:1      | Noticed a redback
     7 | D:1      | Noticed a wolf
     7 | D:1      | Noticed a salamander
   518 | D:1      | Reached XP level 2. HP: 16/16 MP: 4/4
   599 | D:1      | Reached skill level 6 in Ranged Weapons
   865 | D:1      | 865 ||| UPGRADING to +0 pair of boots.
   870 | D:1      | 870 ||| UPGRADING to +2 ring mail of cold resistance.
   880 | D:1      | 880 ||| DROPPING +0 leather armour.
   881 | D:1      | 881 ||| READING scroll labelled CUAWKE VAAR.
   882 | D:1      | 882 ||| DRINKING 3 ruby potions.
   883 | D:1      | 883 ||| DRINKING 2 silvery potions.
   884 | D:1      | 884 ||| DRINKING 2 viscous black potions.
   988 | D:1      | 988 ||| DROPPING scroll of butterflies.
   989 | D:1      | 989 ||| DROPPING potion of magic.
   990 | D:1      | 990 ||| DROPPING potion of berserk rage.
  1020 | D:2      | 1020 ||| STAIRDANCE
  1041 | D:2      | 1041 ||| STAIRDANCE
  1044 | D:1      | HP: 3/16 [poisoned by an adder]
  1051 | D:1      | HP: 1/16 [quokka (3)]
  1147 | D:2      | Found a hazy altar of Hepliaklqana.
  1159 | D:2      | Reached XP level 3. HP: 20/20 MP: 5/5
  1165 | D:2      | 1165 ||| Stepping ~*~*~tactically~*~*~ (outnumbered).
  1185 | D:2      | Reached skill level 7 in Ranged Weapons
  1188 | D:2      | Reached XP level 4. HP: 10/25 MP: 6/6
  1344 | D:2      | Identified the +7 mace "Semucs" {spect, Fly rPois Int+5}
  1445 | D:2      | Reached skill level 8 in Ranged Weapons
  1499 | D:2      | Found a runed translucent door.
  1500 | D:2      | Noticed Crazy Yiuf
  1602 | D:2      | Found a faded altar of an unknown god.
  1706 | D:2      | 1706 ||| UPGRADING to +0 pair of gloves.
  1711 | D:2      | 1711 ||| UPGRADING to ring of willpower.
  1712 | D:2      | 1712 ||| READING scroll labelled ILUECZ KI TUYXISM.
  1713 | D:2      | 1713 ||| READING scroll labelled WETINIYM PEADDOGEJ.
  1714 | D:2      | 1714 ||| DRINKING 2 fizzy black potions.
  1715 | D:2      | 1715 ||| DROPPING potion of brilliance.
  1766 | D:3      | 1766 ||| STAIRDANCE
  2065 | D:3      | Reached XP level 5. HP: 24/29 MP: 7/7
  2161 | D:3      | Found a white marble altar of Elyvilon.
  2175 | D:3      | Found a sparkling altar of Nemelex Xobeh.
  2317 | D:3      | 2317 ||| UPGRADING to ring of poison resistance.
  2318 | D:3      | 2318 ||| DRINKING 2 murky cyan potions.
  2319 | D:3      | 2319 ||| DRINKING 2 cyan potions.
  2415 | D:4      | Found Teto's Armour Shoppe.
  2423 | D:4      | 2423 ||| SHOPLISTING +1 cloak of the Disturbing Tusks
                  | {rCorr Str+3} (369 gold, have 135).
  2423 | D:4      | 2423 ||| SHOPLISTING +1 helmet (149 gold, have 135).
  2423 | D:4      | 2423 ||| SHOPLISTING +3 hat of Pondering {ponderous, Will+
                  | MP+10 Int+5} (495 gold, have 135).
  2423 | D:4      | 2423 ||| SHOPLISTING +3 scale mail of poison resistance
                  | (299 gold, have 135).
  2444 | D:4      | Reached skill level 9 in Ranged Weapons
  2527 | D:4      | 2527 ||| FLEEEEING.
  2528 | D:4      | 2528 ||| FLEEEEING.
  2533 | D:4      | 2533 ||| FLEEEEING.
  2534 | D:4      | 2534 ||| FLEEEEING.
  2535 | D:4      | 2535 ||| FLEEEEING.
  2536 | D:4      | 2536 ||| FLEEEEING.
  2545 | D:4      | 2545 ||| FLEEEEING.
  2546 | D:4      | 2546 ||| FLEEEEING.
  2547 | D:4      | 2547 ||| FLEEEEING.
  2548 | D:4      | 2548 ||| FLEEEEING.
  2549 | D:4      | 2549 ||| FLEEEEING.
  2551 | D:4      | 2551 ||| FLEEEEING.
  2552 | D:4      | 2552 ||| STAIRDANCE
  2589 | D:4      | 2589 ||| STAIRDANCE
  2599 | D:3      | Reached XP level 6. HP: 31/35 MP: 8/8
  2687 | D:4      | Found a shimmering blue altar of Sif Muna.
  2693 | D:4      | Found a snail-covered altar of Cheibriados.
  2783 | D:4      | Found an opulent altar of Gozag.
  2863 | D:4      | Found a bloodstained altar of Trog.
  3048 | D:4      | Noticed Edmund
  3058 | D:4      | Slain by Edmund

Levels and vault maps discovered:
D:1:      onia_arrival_zoo_common, layout_basic
D:2:      layout_rooms, shapermc_ecumenical_altar_notcrosses, basic_altar,
          uniq_crazy_yiuf_cottage
D:3:      layout_rooms, nicolae_elyvilon_peaceful_grove,
          mainiacjoe_overflow_concentric_impassable
D:4:      layout_basic, gammafunk_temple_overflow_forgotten, lemuel_round_altar,
          minmay_temple_entry_hall, serial_shops, nicolae_shop_hallway_plus,
          uniq_edmund

Skill      XL: |  1  2  3  4  5 |
---------------+----------------+-----
Ranged Weapons | 6 7 8 9 |  9.3
Fighting       | 2 |  2.0
Armour         | |  0.9
Dodging        | |  2.4
Stealth        | |  1.2

Action                     |  1- 3 |  4- 6 || total
---------------------------+-------+-------++-------
   Fire: Shortbow          |    72 |   187 ||   259
    Use: Potion            |     3 |     3 ||     6
         Scroll            |     1 |     2 ||     3
 Armour: Leather armour    |     4 |       ||     4
         Ring mail         |    21 |    40 ||    61
  Dodge: Dodged            |    36 |    68 ||   104

Table legend:
 A = Non-vault XP
 B = Vault XP
 C = Vault XP percentage of total XP
 D = Non-vault monster count
 E = Vault monster count
 F = Vault count percentage of total count
                 A         B        C        D         E       F
            +---------+---------+-------+---------+---------+-------
      Total |     416 |       0 |   0.0 |      68 |       0 |   0.0
            +---------+---------+-------+---------+---------+-------
        D:1 |      40 |       0 |   0.0 |      14 |       0 |   0.0
        D:2 |     115 |       0 |   0.0 |      25 |       0 |   0.0
        D:3 |     103 |       0 |   0.0 |      18 |       0 |   0.0
        D:4 |     158 |       0 |   0.0 |      11 |       0 |   0.0
            +---------+---------+-------+---------+---------+-------
